[Event "ICC tourney 2056 (3 2)"]
[Site "Internet Chess Club"]
[Date "2020.10.12"]
[Round "10"]
[White "ekanshmehrotra"]
[Black "PearsonH"]
[Result "1-0"]
[ICCResult "Black resigns"]
[WhiteElo "1509"]
[BlackElo "1463"]
[Opening "French: Tarrasch, open variation"]
[ECO "C07"]
[NIC "FR.18"]
[Time "21:24:48"]
[TimeControl "180+2"]

1. e4 e6 2. d4 d5 3. Nd2 c5 4. Ngf3 cxd4 5. Nxd4 Nc6 6. Nxc6 bxc6 7. c3 Nf6
8. e5 Nd7 9. f4 Qc7 10. Bd3 Be7 11. O-O c5 12. Qg4 O-O 13. Nf3 Re8 14. Ng5
h6 15. Nxf7 Kxf7 16. Bg6+ Kf8 17. Qxe6 Nxe5 18. fxe5+ {Black resigns} 1-0

[Event "ICC tourney 2056 (3 2)"]
[Site "Internet Chess Club"]
[Date "2020.10.12"]
[Round "10"]
[White "cjcardoso"]
[Black "Knightboy123"]
[Result "0-1"]
[ICCResult "White resigns"]
[WhiteElo "1421"]
[BlackElo "1373"]
[Opening "Sicilian: Canal-Sokolsky attack, 3...Bd7"]
[ECO "B52"]
[NIC "SI.01"]
[Time "21:24:46"]
[TimeControl "180+2"]

1. e4 c5 2. Nf3 d6 3. Bb5+ Bd7 4. Bxd7+ Qxd7 5. d4 cxd4 6. Nxd4 Nf6 7. Nc3
a6 8. O-O e5 9. Nb3 Nc6 10. Bg5 Be7 11. Bxf6 Bxf6 12. Nd5 Qd8 13. a3 Ne7 14.
Nxf6+ gxf6 15. Nd2 d5 16. c3 dxe4 17. Nxe4 f5 18. Nf6+ Kf8 19. Qh5 Kg7 20.
Qg5+ Ng6 21. Nh5+ Kf8 22. Qxf5 Qc8 23. Qf6 Qe6 24. Qxh8+ Nxh8 {White
resigns} 0-1

[Event "ICC tourney 2056 (3 2)"]
[Site "Internet Chess Club"]
[Date "2020.10.12"]
[Round "10"]
[White "pmchess98"]
[Black "NSXchessplayer"]
[Result "1-0"]
[ICCResult "Black resigns"]
[WhiteElo "1416"]
[BlackElo "1397"]
[Opening "Scotch gambit"]
[ECO "C44"]
[NIC "SO.06"]
[Time "21:24:46"]
[TimeControl "180+2"]

1. e4 e5 2. Nf3 Nc6 3. d4 exd4 4. Bc4 d6 5. Nxd4 Nxd4 6. Qxd4 Be6 7. O-O
Bxc4 8. Qxc4 Ne7 9. Nc3 g6 10. Qb5+ c6 11. Qxb7 Bg7 12. Bg5 f6 13. Bf4 Rb8
14. Qxa7 Rxb2 15. Rab1 Rxb1 16. Rxb1 O-O 17. Rb7 Re8 18. h3 f5 19. Ne2 fxe4
20. Bg5 Kf8 21. Nf4 Kf7 22. Rd7 Bf6 23. Rxd8 Rxd8 24. Bxf6 Kxf6 25. Qd4+ Kf7
26. Qxe4 Nf5 27. Qe6+ Kg7 28. Nh5+ Kh6 29. Qf6 d5 30. Qxd8 {Black resigns}
1-0

[Event "ICC tourney 2056 (3 2)"]
[Site "Internet Chess Club"]
[Date "2020.10.12"]
[Round "10"]
[White "Kinawa"]
[Black "blackjack721"]
[Result "1-0"]
[ICCResult "Black resigns"]
[WhiteElo "1460"]
[BlackElo "1292"]
[Opening "Petrov: Nimzovich attack"]
[ECO "C42"]
[NIC "RG.03"]
[Time "21:24:43"]
[TimeControl "180+2"]

1. e4 e5 2. Nf3 Nf6 3. Nxe5 d6 4. Nf3 Nxe4 5. Nc3 Qe7 6. Be2 Bf5 7. O-O Nd7
8. Nd5 Qd8 9. Bc4 c6 10. Ne3 Be6 11. Bxe6 fxe6 12. d3 Nef6 13. Nd4 Qe7 14.
Nc4 c5 15. Nb5 Ne5 16. Nbxd6+ Kd7 17. Nxe5+ Kxd6 18. Bf4 Nd5 19. Ng6+ e5 20.
Nxe7 Nxf4 21. Nf5+ Kc7 22. Qf3 g6 23. Ne3 Bh6 24. Nd5+ Nxd5 25. Qxd5 Rad8
26. Qxe5+ Kc8 27. Rfe1 Bd2 28. Re2 Rhe8 29. Qxe8 Rxe8 30. Rxe8+ Kd7 31. Re2
Bf4 32. Rae1 g5 33. Re7+ Kc6 34. Rxh7 a5 35. g3 Bd2 36. Re2 Bc1 37. c3 b5
38. Rc2 Bxb2 39. Rxb2 b4 40. cxb4 cxb4 41. a3 Kc5 42. axb4+ axb4 43. Rxb4
Kxb4 44. Rg7 Kc3 45. Rxg5 Kxd3 46. h4 Ke4 47. h5 Kf3 48. h6 {Black resigns}
1-0

[Event "ICC tourney 2056 (3 2)"]
[Site "Internet Chess Club"]
[Date "2020.10.12"]
[Round "10"]
[White "liuchess"]
[Black "Tombstone"]
[Result "0-1"]
[ICCResult "White resigns"]
[WhiteElo "1578"]
[BlackElo "1657"]
[Opening "Sicilian: Alapin's variation (2.c3)"]
[ECO "B22"]
[NIC "SI.46"]
[Time "21:24:48"]
[TimeControl "180+2"]

1. e4 c5 2. c3 d6 3. d4 cxd4 4. cxd4 Nf6 5. Nc3 g6 6. Nf3 Bg7 7. Bc4 O-O 8.
O-O a6 9. a4 Nbd7 10. Be3 b6 11. Qd2 Bb7 12. Bd3 Rc8 13. Bh6 Rxc3 14. bxc3
Nxe4 15. Bxe4 Bxe4 16. Bxg7 Kxg7 17. Qe3 Nf6 18. Nd2 Bb7 19. Rab1 Nd5 20.
Qg3 Qc7 21. c4 Nf6 22. d5 Nd7 23. Qc3+ Kg8 24. Nf3 Bxd5 25. Rfc1 Be4 26. Rb2
Nc5 27. Qa3 Nd3 28. Rbc2 Nxc1 29. Rxc1 Bxf3 30. Qxf3 Rc8 31. Qd5 Qc6 32. Qd4
d5 33. Re1 dxc4 34. Rxe7 c3 35. Re1 c2 36. Rc1 Qc3 37. Qf4 Rd8 38. h3 Rd1+
39. Kh2 Rxc1 40. Qxc1 Qd3 41. Qe1 Qd6+ 42. g3 Qc6 43. Qc1 b5 44. axb5 axb5
45. Kg1 b4 46. Kf1 b3 47. Ke2 b2 48. Qxb2 c1=Q 49. Qb8+ Qc8 50. Qb6 Qe6+ 51.
Qxe6 fxe6 {White resigns} 0-1

[Event "ICC tourney 2056 (3 2)"]
[Site "Internet Chess Club"]
[Date "2020.10.12"]
[Round "10"]
[White "lucachesschess"]
[Black "Laxman90"]
[Result "0-1"]
[ICCResult "White checkmated"]
[WhiteElo "1435"]
[BlackElo "1501"]
[Opening "QGD Slav/Grünfeld: Schlechter variation"]
[ECO "D15"]
[NIC "SL.03"]
[Time "21:24:48"]
[TimeControl "180+2"]

1. d4 d5 2. c4 c6 3. Nc3 Nf6 4. Nf3 g6 5. Bf4 Bg7 6. e3 O-O 7. Qc2 Bf5 8.
Bd3 Bxd3 9. Qxd3 Nbd7 10. O-O-O dxc4 11. Qc2 b5 12. h4 Nd5 13. Bg3 Nb4 14.
Qb1 Nd3+ 15. Kd2 Qa5 16. Ne1 b4 17. Ne4 e5 18. Nxd3 cxd3 19. Kxd3 exd4 20.
exd4 c5 21. d5 f5 22. Ng5 f4 23. Bh2 Qb5+ 24. Kd2 c4 25. Kc1 Ne5 26. Ne6
Nd3+ 27. Kc2 Qxd5 28. Nxf8 Rxf8 29. Rhe1 Qxg2 30. Re7 Qxh2 31. h5 Qxh5 32.
Rh1 Qf5 33. Kd2 Bxb2 34. Rhxh7 Bc3+ 35. Ke2 f3+ 36. Ke3 Qf4# {White
checkmated} 0-1

[Event "ICC tourney 2056 (3 2)"]
[Site "Internet Chess Club"]
[Date "2020.10.12"]
[Round "10"]
[White "pika0008"]
[Black "wildrumpus"]
[Result "1-0"]
[ICCResult "Black resigns"]
[WhiteElo "1390"]
[BlackElo "1363"]
[Opening "English opening"]
[ECO "A05"]
[NIC "QP.11"]
[Time "21:24:51"]
[TimeControl "180+2"]

1. Nf3 Nf6 2. c4 b6 3. Nc3 Bb7 4. d4 d5 5. Bf4 e6 6. e3 Bb4 7. Be2 Bxc3+ 8.
bxc3 O-O 9. O-O Nbd7 10. Re1 Ba6 11. cxd5 Bxe2 12. Qxe2 Nxd5 13. c4 Nxf4 14.
exf4 Nf6 15. Rad1 Re8 16. Ne5 Qe7 17. Qf3 c5 18. d5 exd5 19. cxd5 Qd6 20. g3
Rad8 21. Rd2 Rc8 22. Red1 c4 23. Rd4 Rc5 24. Nxc4 Rxc4 25. Rxc4 Rd8 26. Rcd4
Qc5 27. d6 Rd7 28. Qe3 Kf8 29. Re1 Qc8 30. Qe7+ Rxe7 31. dxe7+ Ke8 32. Rd8+
Qxd8 33. exd8=Q+ Kxd8 34. Kg2 Kd7 35. Kf3 Kc6 36. Re7 a5 37. Rxf7 Kb5 38.
Rxg7 Ka4 39. Rf7 Nd5 40. Rxh7 Ka3 41. Rd7 Nc3 42. f5 Kxa2 43. f6 Nb5 44. f7
{Black resigns}
1-0

[Event "ICC tourney 2056 (3 2)"]
[Site "Internet Chess Club"]
[Date "2020.10.12"]
[Round "10"]
[White "hackerguru"]
[Black "javasri"]
[Result "0-1"]
[ICCResult "White checkmated"]
[WhiteElo "1537"]
[BlackElo "1708"]
[Opening "King's Indian: 5.Nf3"]
[ECO "E90"]
[NIC "KI.20"]
[Time "21:25:38"]
[TimeControl "180+2"]

1. Nf3 Nf6 2. c4 g6 3. Nc3 d6 4. d4 Bg7 5. e4 O-O 6. h3 e5 7. d5 Nbd7 8. Be3
Ne8 9. g4 Kh8 10. Be2 a6 11. Nd2 c6 12. h4 cxd5 13. Nxd5 Nc7 14. Nc3 b5 15.
cxb5 axb5 16. Nxb5 Nxb5 17. Bxb5 Nc5 18. g5 Qa5 19. Bxc5 Qxb5 20. Bxd6 Rd8
21. Be7 Rd4 22. Qb3 Qd7 23. Bb4 Ba6 24. Bc3 Qg4 25. Qd1 Rxe4+ 26. Nxe4 Qxe4+
27. Kd2 Rd8+ 28. Kc1 Rxd1+ 29. Rxd1 h6 30. gxh6 Bxh6+ 31. Bd2 Qc6+ 32. Kb1
Bd3# {White checkmated} 0-1

[Event "ICC tourney 2056 (3 2)"]
[Site "Internet Chess Club"]
[Date "2020.10.12"]
[Round "10"]
[White "saikanth"]
[Black "steinutz"]
[Result "0-1"]
[ICCResult "White forfeits on time"]
[WhiteElo "1479"]
[BlackElo "1504"]
[Opening "Queen's pawn: London system"]
[ECO "A45"]
[NIC "QP.07"]
[Time "21:24:49"]
[TimeControl "180+2"]

1. d4 Nf6 2. Bf4 d6 3. Nc3 g6 4. e4 Bg7 5. Qd2 O-O 6. Bh6 Nc6 7. Bxg7 Kxg7
8. f3 e5 9. Nge2 Nd7 10. O-O-O a5 11. g4 a4 12. h4 a3 13. b3 h6 14. Kb1 Ne7
15. Ng3 Kh7 16. Be2 exd4 17. Qxd4 Nc6 18. Qd2 Nde5 19. Nd5 Ne7 20. Nf6+ Kg7
21. g5 Ng8 22. Nd5 h5 23. f4 Ng4 24. f5 Nf2 25. Bxh5 Nxd1 26. Rxd1 c6 27.
Qc3+ Kh7 28. Nf4 gxh5 29. Ngxh5 f6 30. g6+ Kh6 31. Qe3 Qa5 32. Ne6+ Kxh5 33.
Qf3+ Kh6 34. Qe3+ Kh5 35. Nxf8 Bxf5 36. exf5 Qxf5 37. Ne6 Re8 38. Nf4+ Kg4
{White forfeits on time}
0-1

[Event "ICC tourney 2056 (3 2)"]
[Site "Internet Chess Club"]
[Date "2020.10.12"]
[Round "10"]
[White "HemingLiu"]
[Black "KingPidgenYT"]
[Result "0-1"]
[ICCResult "White forfeits on time"]
[WhiteElo "1086"]
[BlackElo "1414"]
[Opening "Scotch: Mieses variation"]
[ECO "C45"]
[NIC "SO.04"]
[Time "21:24:46"]
[TimeControl "180+2"]

1. e4 e5 2. Nf3 Nc6 3. d4 exd4 4. Nxd4 Nf6 5. Nxc6 bxc6 6. e5 Nd5 7. Bc4 Nb6
8. Bb3 Be7 9. O-O O-O 10. Nc3 d6 11. exd6 cxd6 12. Re1 d5 13. Bf4 Bf6 14. h3
Bd7 15. Qd2 h6 16. Rad1 Be6 17. a3 Qd7 18. Ne2 Rfd8 19. Nd4 Rac8 20. c3 c5
21. Nxe6 fxe6 22. Bc2 Nc4 23. Qc1 Nb6 24. b3 Bxc3 25. Re3 Bd4 26. Rg3 Bf6
27. Bxh6 c4 28. bxc4 Nxc4 {White forfeits on time} 0-1

[Event "ICC tourney 2056 (3 2)"]
[Site "Internet Chess Club"]
[Date "2020.10.12"]
[Round "10"]
[White "Alec-hine"]
[Black "clydedrexler22"]
[Result "1-0"]
[ICCResult "Black forfeits on time"]
[WhiteElo "1697"]
[BlackElo "1528"]
[Opening "QGD Slav defense: exchange variation"]
[ECO "D10"]
[NIC "SL.01"]
[Time "21:24:44"]
[TimeControl "180+2"]

1. d4 d5 2. c4 c6 3. cxd5 c5 4. dxc5 Qa5+ 5. Nc3 Qxc5 6. e4 e6 7. Nf3 Nf6 8.
Bb5+ Bd7 9. Bxd7+ Nbxd7 10. dxe6 fxe6 11. O-O Be7 12. Qe2 O-O 13. Be3 Qb4
14. a3 Qa5 15. b4 Qh5 16. Nd4 Qg6 17. Nxe6 Rfc8 18. Nf4 Qf7 19. Ncd5 Nxe4
20. Nxe7+ Qxe7 21. Rfe1 Nc3 22. Qh5 Nf6 23. Qh4 Qf7 24. h3 Rc4 25. Qg5 Nce4
26. Qe5 Re8 27. Qb2 b5 28. Bd4 Rec8 29. Bxf6 Nxf6 30. Ne6 Rc2 31. Qe5 h6 32.
Rad1 Ne4 33. Qxg7+ Qxg7 34. Nxg7 Nxf2 35. Rd7 Rf8 36. Nh5 Nxh3+ 37. gxh3
{Black forfeits on time}
1-0

[Event "ICC tourney 2056 (3 2)"]
[Site "Internet Chess Club"]
[Date "2020.10.12"]
[Round "10"]
[White "StevChess01"]
[Black "oxdidi"]
[Result "1-0"]
[ICCResult "Black checkmated"]
[WhiteElo "1369"]
[BlackElo "1141"]
[Opening "King's Indian: Sämisch, 5...O-O"]
[ECO "E81"]
[NIC "KI.48"]
[Time "21:25:02"]
[TimeControl "180+2"]

1. d4 Nf6 2. c4 g6 3. f3 Bg7 4. e4 d6 5. Nc3 O-O 6. Be3 Nbd7 7. Qd2 b6 8.
Bd3 Bb7 9. Nge2 Re8 10. O-O e6 11. Rfd1 Qe7 12. Rac1 Rac8 13. b4 a6 14. Na4
Rb8 15. c5 bxc5 16. bxc5 dxc5 17. Nxc5 Nxc5 18. Rxc5 Nd7 19. Rxc7 Rec8 20.
Rdc1 Qd8 21. Rxc8 Rxc8 22. Rxc8 Qxc8 23. Qb2 Nc5 24. Qc3 Nxd3 25. Qxd3 a5
26. Kf2 Ba6 27. Qd2 e5 28. d5 Bxe2 29. Kxe2 Qc4+ 30. Kf2 Qc7 31. Qb2 f5 32.
g3 f4 33. Bb6 fxg3+ 34. hxg3 Qb7 35. Qb5 Bf8 36. Qc6 Qa6 37. a4 Qd3 38. Qe6+
Kh8 39. Qxe5+ Bg7 40. Qe8+ Bf8 41. Qxf8# {Black checkmated} 1-0

[Event "ICC tourney 2056 (3 2)"]
[Site "Internet Chess Club"]
[Date "2020.10.12"]
[Round "10"]
[White "danaglin"]
[Black "BillietheKid"]
[Result "0-1"]
[ICCResult "White resigns"]
[WhiteElo "1222"]
[BlackElo "1426"]
[Opening "French: Tarrasch"]
[ECO "C03"]
[NIC "FR.14"]
[Time "21:24:59"]
[TimeControl "180+2"]

1. e4 e6 2. d4 d5 3. Nd2 Be7 4. Bd3 Nf6 5. e5 Nfd7 6. Ne2 c5 7. c3 Nc6 8.
Nf3 Qb6 9. O-O cxd4 10. cxd4 Nb4 11. Bb1 O-O 12. a3 Nc6 13. Qc2 f5 14. exf6
Nxf6 15. Bg5 g6 16. Bh6 Rf7 17. Ng5 Nxd4 18. Nxd4 Qxd4 19. Nxf7 Kxf7 20. h3
Bd7 21. Rd1 Qe5 22. Ba2 Bd6 23. g3 Bc6 24. Bf4 Qe4 25. Qxe4 Nxe4 26. Bxd6
Nxd6 27. Rac1 Rf8 28. Bb3 Kg7 29. Re1 Rf3 30. Bc2 Ne4 31. Bxe4 dxe4 32. Re3
Rf5 33. Rd1 Rb5 34. b3 Ra5 35. a4 Rh5 36. h4 g5 37. hxg5 Rxg5 38. Rd8 h5 39.
Kf1 h4 40. gxh4 Rh5 41. Rd6 Kf7 42. b4 a6 43. Ke1 Rxh4 44. a5 Ke7 45. Rd4
Rh1+ 46. Kd2 Ra1 47. Rh3 Ra2+ 48. Ke3 Ra3+ 49. Kf4 Rxh3 50. Rd1 Rf3+ 51. Kg5
Rxf2 52. Rh1 e3 53. Rh7+ Kd6 54. Rh8 e2 55. Rd8+ Ke5 {White resigns} 0-1

[Event "ICC tourney 2056 (3 2)"]
[Site "Internet Chess Club"]
[Date "2020.10.12"]
[Round "10"]
[White "chief2006"]
[Black "MagnumPI"]
[Result "1-0"]
[ICCResult "Black checkmated"]
[WhiteElo "1262"]
[BlackElo "1219"]
[Opening "Sicilian: Marshall variation"]
[ECO "B41"]
[NIC "SI.43"]
[Time "21:25:16"]
[TimeControl "180+2"]

1. e4 c5 2. Nf3 e6 3. d4 d5 4. exd5 exd5 5. dxc5 Bxc5 6. Nc3 Nf6 7. Bb5+ Nc6
8. O-O a6 9. Re1+ Be6 10. Bxc6+ bxc6 11. Ng5 O-O 12. Nxe6 fxe6 13. Rxe6 Qb6
14. Be3 Bxe3 15. Rxe3 d4 16. Na4 Qb5 17. Ra3 Rae8 18. Qd3 Qe5 19. h3 Ne4 20.
Qc4+ Kh8 21. f3 Nd2 22. Qd3 Qf4 23. Rd1 Re3 24. Qxd2 Rxa3 25. Qxf4 Rxf3 26.
Qxd4 R3f4 27. Qd8 Rf1+ 28. Kh2 Rf7 29. Nc3 h6 30. Qb6 Rf2 31. Qxc6 Rxc2 32.
Qxa6 Rff2 33. Rg1 Rxb2 34. a4 Rbc2 35. Ne4 Rfe2 36. Qb7 Rxg2+ 37. Rxg2 Rxg2+
38. Kxg2 Kh7 39. h4 h5 40. Qf7 Kh6 41. a5 g6 42. a6 g5 43. hxg5#
{Black checkmated}
1-0

[Event "ICC tourney 2056 (3 2)"]
[Site "Internet Chess Club"]
[Date "2020.10.12"]
[Round "10"]
[White "chessrex"]
[Black "Atomic-Player"]
[Result "1-0"]
[ICCResult "Black resigns"]
[WhiteElo "1869"]
[BlackElo "1631"]
[Opening "Blackmar-Diemer: Euwe defense"]
[ECO "A45"]
[NIC "QP.07"]
[Time "21:25:34"]
[TimeControl "180+2"]

1. d4 Nf6 2. f3 d5 3. e4 dxe4 4. Nc3 exf3 5. Nxf3 e6 6. Bg5 Be7 7. Bd3 Nd5
8. Bxe7 Nxe7 9. O-O Nbc6 10. Kh1 O-O 11. Bxh7+ Kxh7 12. Ng5+ Kg6 13. h4 Qxd4
14. Qe1 Nf5 15. Nf3 Qd6 16. Ne4 Qe7 17. g4 Ncd4 18. gxf5+ Nxf5 19. Rg1+ Kh7
20. Neg5+ Kg8 21. Qe4 f6 22. Nh3 Nd6 23. Qg6 Qf7 24. Qg2 e5 25. Raf1 Bxh3
26. Qxh3 Rae8 27. Ng5 Qd5+ 28. Nf3 e4 29. Qg4 Re7 30. Rd1 Qf5 31. Qxf5 Nxf5
32. Ne1 e3 33. Nf3 Rfe8 34. Rde1 Nd6 35. h5 Ne4 36. h6 Nf2+ 37. Kg2 g5 38.
Kh2 Kh7 39. Nd4 Re4 40. Nf5 Kg6 41. Ng3 Rh4+ 42. Kg2 Rxh6 43. Nf1 Ng4 44.
Kg3 f5 45. Rg2 Reh8 46. Kf3 Rh3+ 47. Ke2 Kf6 48. Kd1 Rd8+ 49. Kc1 Nf2 50.
Nxe3 Ne4 51. Rgg1 f4 52. Ng4+ Kf5 53. Rxe4 Kxe4 54. Nf2+ Kf3 55. Nxh3 g4 56.
Ng5+ Kf2 57. Rxg4 f3 58. Rf4 Ke2 59. Re4+ Kf2 60. Rf4 Ke2 61. b4 f2 62. Re4+
Kf1 63. Nh3 Kg2 64. Nxf2 Kxf2 65. Re7 Rc8 66. Kd2 Kf3 67. Kd3 Kf4 68. c4 b6
69. Kd4 a5 70. b5 Kf5 71. Kd5 Kf6 72. Rh7 Rd8+ 73. Kc6 Rd4 74. Rxc7 Rxc4+
75. Kxb6 Rb4 76. Kxa5 Rb2 77. a4 Ke6 78. b6 Kd6 79. Ka6 Rb3 80. a5 Rb4 81.
Rc1 Kd7 82. Ka7 Kd8 83. b7 {Black resigns} 1-0

[Event "ICC tourney 2056 (3 2)"]
[Site "Internet Chess Club"]
[Date "2020.10.12"]
[Round "10"]
[White "pescadilla"]
[Black "drabmolc"]
[Result "1-0"]
[ICCResult "Black resigns"]
[WhiteElo "1655"]
[BlackElo "1407"]
[Opening "Sicilian: Alapin's variation (2.c3)"]
[ECO "B22"]
[NIC "SI.46"]
[Time "21:24:51"]
[TimeControl "180+2"]

1. e4 c5 2. c3 e6 3. d4 cxd4 4. cxd4 g6 5. Be3 Bg7 6. Nf3 d6 7. Bc4 Nf6 8.
Nc3 O-O 9. O-O Nc6 10. Bb3 Na5 11. e5 Nxb3 12. exf6 Nxa1 13. fxg7 Kxg7 14.
Qxa1 b6 15. Qc1 Bb7 16. Bh6+ Kg8 17. Bxf8 Bxf3 18. Bh6 Bb7 19. Qf4 f5 20.
Bg5 Qd7 21. Re1 Re8 22. Bf6 Kf7 23. Qg5 h6 24. Qh4 Qc6 25. d5 Qd7 26. dxe6+
Rxe6 27. Qc4 Kxf6 28. Rxe6+ Qxe6 29. Qd4+ Qe5 30. Qh4+ Kg7 31. h3 Qe1+ 32.
Kh2 Qe5+ 33. f4 Qf6 34. Qe1 g5 35. Qe8 gxf4 36. Qd7+ Qf7 37. Qxd6 f3 38.
Qe5+ Kg6 39. gxf3 Qf6 40. Qg3+ Qg5 41. Qd6+ Qf6 42. Qxf6+ Kxf6 43. Kg3 a6
44. Kf4 b5 45. Ne2 Bc8 46. Nd4 Be6 47. h4 h5 48. a3 Bd7 49. Ne2 Be6 50. Ng3
Kg6 51. Ke5 Bc8 52. Ne2 Bb7 53. f4 Be4 54. Nd4 Bb1 55. b4 Bd3 56. Kd6 Kf6
57. Nc6 Be4 58. Nb8 Bb7 59. Kc7 Bf3 60. Nxa6 Ke6 61. Nc5+ Kd5 62. Kd7 Kd4
63. Ke6 Bg4 64. Kf6 Ke3 65. Ne6 Kd3 66. Kg5 Kc3 67. Nc7 Kb3 68. Nxb5 Ka4 69.
Nd6 Kxa3 70. b5 Ka4 71. b6 Bf3 72. b7 Bxb7 73. Nxb7 {Black resigns} 1-0

[Event "ICC tourney 2056 (3 2)"]
[Site "Internet Chess Club"]
[Date "2020.10.12"]
[Round "10"]
[White "BreatheChessAls"]
[Black "pawnsacrifice5"]
[Result "0-1"]
[ICCResult "White forfeits on time"]
[WhiteElo "1619"]
[BlackElo "1969"]
[Opening "Queen's pawn: London system"]
[ECO "A45"]
[NIC "QP.07"]
[Time "21:24:59"]
[TimeControl "180+2"]

1. d4 Nf6 2. Bf4 c5 3. e3 e6 4. c3 Nc6 5. Nd2 b6 6. Ngf3 d5 7. Bd3 Bd6 8.
Bg3 O-O 9. O-O Bb7 10. Ne5 Qc7 11. f4 Ne7 12. Bh4 Ne4 13. Bxe7 Qxe7 14. Nxe4
dxe4 15. Be2 Rac8 16. Bg4 Ba6 17. Re1 cxd4 18. exd4 f6 19. Qb3 Bxe5 20.
Bxe6+ Kh8 21. Bxc8 Bxd4+ 22. cxd4 Bxc8 23. Rac1 Rg8 24. Rc3 f5 25. Rec1 Be6
26. Qd1 Bd5 27. b3 Qd6 28. Qd2 h6 29. Qe3 Kh7 30. h4 Rf8 31. Rc7 Rf6 32. h5
Bf7 33. g4 Qd5 34. g5 hxg5 35. fxg5 f4 36. g6+ Bxg6 37. Qh3 Qg5+ 38. Kf2 e3+
39. Kf3 Qd5+ 40. Ke2 f3+ 41. Kxe3 Qe4+ 42. Kf2 Qxd4+ 43. Kg3 Qf4+ 44. Kf2
Qd2+ 45. Kg3 Qd6+ 46. Kf2 Bf5 47. Qg3 Qd2+ 48. Kg1 Qh6 49. Kf2 Be4
{White forfeits on time}
0-1

[Event "ICC tourney 2056 (3 2)"]
[Site "Internet Chess Club"]
[Date "2020.10.12"]
[Round "10"]
[White "elevinchess"]
[Black "shanmukha123"]
[Result "1-0"]
[ICCResult "Black checkmated"]
[WhiteElo "1671"]
[BlackElo "1632"]
[Opening "Caro-Kann: Panov-Botvinnik attack"]
[ECO "B13"]
[NIC "CK.03"]
[Time "21:24:55"]
[TimeControl "180+2"]

1. e4 c6 2. d4 d5 3. exd5 cxd5 4. c4 Nf6 5. Nc3 Nc6 6. Nf3 Bg4 7. cxd5 Nxd5
8. Bc4 e6 9. Bxd5 exd5 10. O-O Be7 11. h3 Bxf3 12. Qxf3 Nxd4 13. Qxd5 Ne2+
14. Kh1 Nxc3 15. Qxd8+ Rxd8 16. bxc3 O-O 17. Re1 Bf6 18. Rb1 Bxc3 19. Rf1 b6
20. Be3 Bd4 21. Bf4 Rfe8 22. Rbd1 Bc5 23. Bg3 f6 24. f4 Kf7 25. f5 g6 26.
fxg6+ hxg6 27. Bh4 Be7 28. Rc1 Rd2 29. Rc7 Rxa2 30. Bxf6 Ke6 31. Bxe7 Re2
32. Ba3 a5 33. Rc6+ Ke5 34. Rxb6 Re3 35. Bb2+ Ke4 36. Rxg6 Re2 37. Bc3 Kd3
38. Bxa5 Ra2 39. Bb6 Ree2 40. Bd8 Kc4 41. Bg5 Rxg2 42. Rc1+ Kd5 43. Rd1+ Ke4
44. Re1+ Kf5 45. Ree6 Rh2+ 46. Kg1 Rag2+ 47. Kf1 Rf2+ 48. Ke1 Ra2 49. Ref6+
Ke4 50. Re6+ Kd3 51. Rd6+ Ke4 52. Rde6+ Kd5 53. Rd6+ Ke5 54. Rde6+ Kf5 55.
Ref6+ Ke4 56. Re6+ Kf3 57. Rgf6+ Kg3 58. Bf4+ Kg2 59. Bxh2 Ra1+ 60. Ke2 Kxh2
61. Kf3 Rf1+ 62. Kg4 Rg1+ 63. Kh4 Rg2 64. Re4 Ra2 65. Rfe6 Kg1 66. Re2 Ra4+
67. Kg3 Ra3+ 68. R6e3 Kf1 69. Re1# {Black checkmated} 1-0

[Event "ICC tourney 2056 (3 2)"]
[Site "Internet Chess Club"]
[Date "2020.10.12"]
[Round "10"]
[White "kushagra12"]
[Black "Jett503"]
[Result "1-0"]
[ICCResult "Black checkmated"]
[WhiteElo "1346"]
[BlackElo "1206"]
[Opening "French: exchange variation"]
[ECO "C01"]
[NIC "FR.01"]
[Time "21:24:51"]
[TimeControl "180+2"]

1. e4 e6 2. d4 d5 3. exd5 exd5 4. c4 dxc4 5. Nc3 Bb4 6. Qa4+ Nc6 7. Bxc4
Bxc3+ 8. bxc3 Bd7 9. Qb3 Qe7+ 10. Ne2 Na5 11. Qb2 Nxc4 12. Qb3 Nd6 13. O-O
Nf6 14. Re1 O-O 15. Bb2 Bb5 16. Nf4 Qd7 17. a4 Bc4 18. Qc2 Qg4 19. Qd2 Be6
20. Nxe6 fxe6 21. h3 Qg6 22. Rxe6 Rae8 23. Rxe8 Rxe8 24. Ba3 Nde4 25. Qd3
Nd5 26. Re1 Nf4 27. Qf3 Nh5 28. Qd3 Nef6 29. Qc4+ Qf7 30. Rxe8+ Nxe8 31. Qb4
c6 32. g4 Nf4 33. Qa5 Nxh3+ 34. Kg2 Nf4+ 35. Kg3 Nd3 36. Qxa7 Qxf2+ 37. Kh3
Qf3+ 38. Kh4 Qh1+ 39. Kg5 Qd5+ 40. Kh4 Nf4 41. Qb8 Ng6+ 42. Kg3 Kf7 43.
Qxb7+ Kf6 44. Qc8 Qe6 45. Qd8+ Ne7 46. g5+ Kf7 47. Bxe7 Qxe7 48. Qa5 Qe3+
49. Kg4 Qe4+ 50. Kg3 Qd3+ 51. Kg4 Qe3 52. Qf5+ Kg8 53. g6 Qe2+ 54. Kg5 h6+
55. Kh4 Qe1+ 56. Kh5 Qh1+ 57. Kg4 Qg1+ 58. Kf4 Qf2+ 59. Ke5 Qe1+ 60. Kf4
Qf2+ 61. Kg4 Qxf5+ 62. Kxf5 Nf6 63. a5 Nd7 64. Ke6 h5 65. Kxd7 h4 66. a6 h3
67. a7 h2 68. a8=R# {Black checkmated} 1-0

[Event "ICC tourney 2056 (3 2)"]
[Site "Internet Chess Club"]
[Date "2020.10.12"]
[Round "10"]
[White "stephenwilly"]
[Black "garfield92037"]
[Result "1-0"]
[ICCResult "Black checkmated"]
[WhiteElo "1518"]
[BlackElo "1391"]
[Opening "Sicilian: Smith-Morra gambit"]
[ECO "B21"]
[NIC "SI.48"]
[Time "21:25:27"]
[TimeControl "180+2"]

1. e4 c5 2. d4 cxd4 3. c3 Nc6 4. cxd4 d5 5. exd5 Qxd5 6. Be3 e5 7. Nc3 Bb4
8. dxe5 Qxd1+ 9. Rxd1 Nxe5 10. Bb5+ Bd7 11. Bxd7+ Nxd7 12. Nf3 Ngf6 13. O-O
O-O 14. Nd5 Nxd5 15. Rxd5 Nf6 16. Rb5 Bd6 17. Rxb7 Rfb8 18. Rxb8+ Rxb8 19.
b3 Rb7 20. Rc1 Kf8 21. Nd4 g6 22. Bh6+ Ke7 23. Bg5 Be5 24. Nf3 Bb2 25. Rc2
Rd7 26. h3 Ba1 27. Kh2 Kf8 28. Nd2 Kg8 29. Bh6 Be5+ 30. f4 Bc7 31. Nc4 Nd5
32. Ne5 Re7 33. Nc6 Rd7 34. Nb8 Re7 35. Na6 Bxf4+ 36. Bxf4 Nxf4 37. Nb4 Kg7
38. Rf2 Ne6 39. Nc6 Rc7 40. Ne5 f6 41. Ng4 f5 42. Ne3 Rd7 43. Nc4 Nd4 44.
Rd2 Kf6 45. Kh1 Rd8 46. Kg1 Ke6 47. Kf2 f4 48. Nb2 Kf5 49. Nd1 Ke4 50. Nc3+
Kf5 51. Ne2 Ne6 52. Rxd8 Nxd8 53. Nd4+ Ke4 54. Nf3 Ne6 55. Ke2 h6 56. Nd2+
Kf5 57. Nc4 Ke4 58. Nd6+ Kd5 59. Nc4 g5 60. Kd3 Nc5+ 61. Kc3 Ne4+ 62. Kd3
Nc5+ 63. Kc3 Ne4+ 64. Kb4 h5 65. Kb5 Nd6+ 66. Nxd6 Kxd6 67. Kc4 a5 68. Kd4
Ke6 69. Ke4 Kf6 70. a3 Ke6 71. b4 axb4 72. axb4 Kd6 73. Kf5 Kd5 74. Kxg5 Ke4
75. b5 Ke3 76. b6 Kf2 77. Kxf4 h4 78. Kg4 Kg1 79. Kxh4 Kh2 80. g4 Kh1 81. b7
Kg1 82. b8=Q Kh1 83. Qb2 Kg1 84. Kg3 Kh1 85. Qh2# {Black checkmated} 1-0

[Event "ICC tourney 2056 (3 2)"]
[Site "Internet Chess Club"]
[Date "2020.10.12"]
[Round "10"]
[White "Rook99"]
[Black "ChessMonkey123"]
[Result "0-1"]
[ICCResult "White forfeits on time"]
[WhiteElo "1273"]
[BlackElo "1332"]
[Opening "English opening"]
[ECO "A20"]
[NIC "EO.24"]
[Time "21:25:26"]
[TimeControl "180+2"]

1. c4 e5 2. g3 Nf6 3. Bg2 Nc6 4. Nc3 d6 5. d3 Be6 6. Nf3 d5 7. cxd5 Nxd5 8.
Nxd5 Bxd5 9. O-O Bc5 10. a3 O-O 11. b4 Bb6 12. Bb2 Re8 13. Qc2 Nd4 14. Nxd4
exd4 15. Bxd5 Qxd5 16. Rad1 Re7 17. Rfe1 Rae8 18. Rd2 Qf5 19. Qc4 Rd7 20. a4
a6 21. a5 Ba7 22. Rc2 Qe6 23. Qxe6 Rxe6 24. Rc4 f5 25. Kf1 g5 26. Rec1 Ree7
27. Ba3 Rg7 28. R1c2 f4 29. g4 Rgf7 30. f3 h6 31. h3 Kg7 32. Bb2 c6 33. Kg2
Rfe7 34. Kf1 Rd6 35. Ba3 Rdd7 36. b5 axb5 37. Bxe7 bxc4 38. Rxc4 Rxe7 39.
Rb4 Kf6 40. Ke1 Rd7 41. Kd2 c5 42. Rb5 Ke5 43. Kc2 Kd5 44. Rb3 Kc6 45. Rb1
Re7 46. Kd2 b6 47. axb6 Bxb6 48. Kd1 Ba5 49. Rb8 Rb7 {White forfeits on
time} 0-1